 Dungeon Crawl Stone Soup version 0.14-a0-2618-g5301534 (webtiles) character file.

154 Deemzul the Chopper (level 3, -6/29 HPs)
             Began as a Demonspawn Fighter on Feb 14, 2014.
             Killed by divine providence
             ... invoked by an orc priest
              (11 damage)
             ... on Level 3 of the Dungeon.
             The game lasted 00:01:33 (1893 turns).

Deemzul the Chopper (Demonspawn Fighter)            Turns: 1893, Time: 00:01:33

HP  -6/29        AC  6     Str 17      XL: 3   Next: 62%
MP   3/3         EV  4     Int  9      God:
Gold 101         SH 26     Dex 12      Spells:  0 memorised,  2 levels left

rFire  . . .     SeeInvis .     a - +0 hand axe
rCold  . . .     Clarity  .     b - +0 scale mail
rNeg   . . .     Conserve .     j - +0 large shield
rPois  .         rCorr    .     (no helmet)
rElec  .         rRot     .     (no cloak)
SustAb . .       Spirit   .     (no gloves)
rMut   .         Warding  .     (no boots)
Saprov . . .     Stasis   +     f - amulet of stasis {unknown}
MR     .....                    (no ring)
                                (no ring)

@: not resistant to hostile enchantments, extremely unstealthy
A: claws 1, demonic guardian 1
a: no special abilities


You were on level 3 of the Dungeon.
You were not hungry.

You visited 1 branch of the dungeon, and saw 3 of its levels.

You collected 101 gold pieces.

Inventory:

Hand weapons
 a - a +0,+0 hand axe (weapon)
Armour
 b - a +0 scale mail (worn)
 j - a +0 large shield (worn)
Comestibles
 d - a bread ration
 i - 3 meat rations
 B - a choko
Scrolls
 e - a scroll of amnesia {unknown}
 g - 3 scrolls of teleportation {unknown}
 k - 3 scrolls of remove curse {unknown}
 l - 2 scrolls of identify {unknown}
 m - a scroll of magic mapping {unknown}
 n - a scroll of fear {unknown}
 o - 2 scrolls of immolation {unknown}
 p - a scroll of fog {unknown}
 s - 3 scrolls of recharging {unknown}
 u - a scroll of curse armour {unknown}
 v - a scroll of noise {unknown}
 w - a scroll of blinking {unknown}
 x - a scroll of random uselessness {unknown}
 A - 2 scrolls of curse jewellery {unknown}
Jewellery
 f - an amulet of stasis (around neck) {unknown}
 r - an uncursed ring of protection from cold {unknown}
 y - an uncursed ring of teleport control {unknown}
Potions
 c - 3 potions of curing
 h - 2 potions of paralysis {unknown}
 q - a potion of speed {unknown}
 t - a potion of heal wounds {unknown}
 z - a potion of restore abilities {unknown}
 C - a potion of resistance {unknown}


   Skills:
 - Level 3.0 Fighting
 + Level 3.6 Axes
 - Level 2.6 Armour
 - Level 2.6 Shields


You had 2 spell levels left.
You didn't know any spells.

Dungeon Overview and Level Annotations

Branches:
Dungeon (3/16)

Altars:
Zin


Innate Abilities, Weirdness & Mutations

You have sharp fingernails.
A weak demonic guardian rushes to your aid.


Message History

The orc priest is lightly wounded.
You hit the orc.
The orc is almost dead.
You barely miss the orc priest.
The orc priest is lightly wounded.
The orc hits you but does no damage. You block the orc priest's attack.
You block the orc priest's attack. The orc hits you but does no damage.
Unknown command.
You hit the orc priest.
The orc priest is moderately wounded.
You hit the orc but do no damage.
The orc is almost dead.
You closely miss the orc priest.
The orc priest is lightly wounded.
The orc priest invokes the aid of Beogh against you.
Pain shoots through your body!
* * * LOW HITPOINT WARNING * * *
The orc priest mumbles some strange prayers to Beogh against you.
Something smites you!
You die...

######## # #......#
..
#......#########.###
#......##....o.....##
#...........@o.......
#......##!...o.......
#......##...<......#
#......##..........#
#......#############
######.# #.# #.# #.#


You could see 2 orc priests and an orc.

Vanquished Creatures
  An adder (D:2)
  An ooze (D:1)
  6 bats
  3 giant cockroaches
  2 goblins
  4 hobgoblins
  6 jackals (D:1)
  A quokka (D:3)
  A ball python (D:1)
  6 giant newts
  4 kobolds
  9 rats
44 creatures vanquished.

Vanquished Creatures (others)
  An ufetubus (D:3)
1 creature vanquished.

Grand Total: 45 creatures vanquished

Notes
Turn   | Place    | Note
--------------------------------------------------------------
     0 | D:1      | Deemzul, the Demonspawn Fighter, began the quest for the Orb.
     0 | D:1      | Reached XP level 1. HP: 18/18 MP: 1/1
   144 | D:1      | Gained mutation: You have sharp fingernails. [demonic ancestry]
   144 | D:1      | Reached XP level 2. HP: 22/24 MP: 2/2
   810 | D:2      | Gained mutation: A weak demonic guardian rushes to your aid. [demonic ancestry]
   810 | D:2      | Reached XP level 3. HP: 10/29 MP: 3/3
  1051 | D:2      | Found a glowing silver altar of Zin.
  1888 | D:3      | HP: 1/29 [orc priest/divine providence (15)]
  1893 | D:3      | Killed from afar by an orc priest

Action                   || total
-------------------------++-------
Melee: Hand axe          ||   135
  Use: Potion            ||     1
